 Dungeon Sprint DCSS version 0.29-a0-338-g1ff7896281 (webtiles) character file.

Game seed: 847180241279853349

757 mhtbhm the Cleaver (level 7, -2/79 HPs)
             Began as a Gargoyle Berserker on Apr 17, 2022.
             Was a High Priest of Trog.
             Slain by a sun demon (16 damage)
             ... summoned by a kobold demonologist
             ... in the Dungeon (Sprint VII: "The Pits").
             The game lasted 00:03:05 (734 turns).

mhtbhm the Cleaver (Gargoyle Berserker)              Turns: 734, Time: 00:03:05

Health: -2/79      AC: 18    Str: 22    XL:     7   Next: 79%
Magic:  7/7        EV:  9    Int:  8    God:    Trog [*****.]
Gold:   0          SH:  0    Dex:  9    Spells: 6/6 levels left

rFire   . . .      SeeInvis .   a - +2 hand axe (vorpal)
rCold   . . .      Faith    .   (no shield)
rNeg    + . .      Spirit   .   b - +3 chain mail
rPois   ∞          Reflect  .   (no helmet)
rElec   +          Harm     .   (no cloak)
rCorr   .          Rampage  .   (no gloves)
Will    .....      NoTele   +   (no boots)
Stlth   ..........              (no amulet)
HPRegen 0.23/turn               (no ring)
MPRegen 0.10/turn               (no ring)

@: berserking, very quick
A: sickness immunity, AC +4, negative energy resistance 1, electricity
resistance, torment resistance 1, petrification resistance
a: Renounce Religion, Berserk, Trog's Hand, Brothers in Arms


You were in the Dungeon.
You worshipped Trog.
Trog was extremely pleased with you.
You visited 1 branch

Inventory:

Hand Weapons
 a - a +2 vorpal hand axe (weapon)
Armour
 b - a +3 chain mail (worn)
Scrolls
 h - a scroll of blinking
 j - a scroll of summoning
Potions
 c - 6 potions of curing
 d - 4 potions of heal wounds
 e - a potion of haste
 f - 4 potions of magic
 g - 3 potions of berserk rage
 i - 2 potions of invisibility


   Skills:
 + Level 10.4 Fighting
 + Level 11.0 Axes
 + Level 6.3 Armour
 + Level 4.3 Dodging
 + Level 2.3 Stealth


You had 6 spell levels left.
You didn't know any spells.
Your spell library was empty.

Dungeon Overview and Level Annotations

Branches:
Dungeon (1/1)

Altars:
Cheibriados
Dithmenos
Elyvilon
Fedhas
Gozag
Hepliaklqana
Makhleb
Nemelex Xobeh
Okawaru
Qazlal
Ru
Sif Muna
Trog
Vehumet
Wu Jian
Xom
Yredelemnul
Zin
The Shining One
Beogh
Jiyva
Lugonu


Innate Abilities, Weirdness & Mutations

You are immune to sickness and miasma.
Your stone body is resilient. (AC +4)
You are immune to poison.
You resist negative energy. (rN+)
You are resistant to electric shocks. (rElec)
You are resistant to unholy torment.
You are immune to petrification.


Message History

The kobold demonologist begins to cast a cantrip, but forgets the words!
The kobold demonologist mumbles some strange words.
The orc priest mumbles some strange prayers to Beogh against you.
Beogh smites you!
Unknown command.
Unknown command.
Okay, then.
You feel much better. The orc hits you but does no damage.
The kobold demonologist casts a spell.
A red film seems to cover your vision as you go berserk!
You feel yourself moving faster!
You feel mighty!
The kobold demonologist gestures wildly while chanting.
The sun demon hits you but does no damage.
A kobold brigand comes into view.
It is wielding a +0 short sword and quivering poisoned darts.
You feel a strong urge to attack something.
The orc closely misses you.
The kobold brigand hits you but does no damage.
The orc priest calls down the wrath of Beogh upon you.
Beogh smites you! The sun demon barely misses you.
There is an open door here.
You slash the orc priest!
You kill the orc priest!
Trog accepts your kill.
You closely miss the tyrant leech. You closely miss the orc.
You hit the sun demon but do no damage. You slash the kobold brigand!
Your Axes skill increases to level 11!
You hit the hellwing but do no damage. You closely miss the tyrant leech.
You slash the orc!
You kill the orc!
Trog accepts your kill.
You hit the sun demon. You slash the kobold brigand! The sun demon hits you!!
You are engulfed in flames!
The orc priest casts a cantrip, but nothing happens.
You barely miss the hellwing. You slash the kobold demonologist!
You hit the sun demon. You slash the tyrant leech!
The hellwing hits you but does no damage. x2
The tyrant leech bites you!!
* * * LOW HITPOINT WARNING * * *
The sun demon hits you!
You die...

#.##'#.)††.##...<...#
#.#........##.......#
#.#........##.......#
#'###########.......#
#.)†....#..##########
#..#)#..#)######
#.##.##.#)#oo..#
#.......#)#wK4.#
#.##.##.#.@4Ko.+
#..#.#..#3#KKK.#
#.......).#KK..#
################


You could see a tyrant leech, a sun demon (summoned), a hellwing (summoned), 3
kobold demonologists, a chaos spawn (summoned), 2 kobold brigands, 2 orc
priests, an orc and 2 kobolds.

Vanquished Creatures
  Grinder (D)
  An orc warrior (D)
  2 ogres (D)
  A scorpion (D)
  A wight (D)
  A killer bee (D)
  A jelly (D)
  2 orc priests (D)
  A gnoll (D)
  2 river rats (D)
  An adder skeleton (D)
  2 orcs (D)
  A goblin (D)
  A hobgoblin (D)
  A quokka (D)
  2 bats (D)
  A frilled lizard (D)
  A kobold (D)
23 creatures vanquished.

Notes
Turn   | Place    | Note
-------+----------+-------------------------------------------
     0 | D        | mhtbhm the Gargoyle Berserker began the quest for the Orb.
     0 | D        | Reached XP level 1. HP: 14/14 MP: 1/1
    20 | D        | Reached skill level 3 in Axes
    88 | D        | Found a bloodstained altar of Trog.
    88 | D        | Found a shimmering blue altar of Sif Muna.
    88 | D        | Found a viscous altar of Jiyva.
    88 | D        | Found a hazy altar of Hepliaklqana.
    88 | D        | Found an opulent altar of Gozag.
    89 | D        | Found a glowing golden altar of the Shining One.
    89 | D        | Found a glowing silver altar of Zin.
    89 | D        | Found a basalt altar of Yredelemnul.
    89 | D        | Found a shimmering altar of Xom.
    89 | D        | Found an ornate altar of the Wu Jian Council.
    89 | D        | Found a sacrificial altar of Ru.
    89 | D        | Found a stormy altar of Qazlal.
    89 | D        | Found an iron altar of Okawaru.
    89 | D        | Found a sparkling altar of Nemelex Xobeh.
    89 | D        | Found a burning altar of Makhleb.
    89 | D        | Found a blossoming altar of Fedhas.
    89 | D        | Found a white marble altar of Elyvilon.
    89 | D        | Found a shadowy altar of Dithmenos.
    89 | D        | Found a snail-covered altar of Cheibriados.
    91 | D        | Found a radiant altar of Vehumet.
    91 | D        | Found a corrupted altar of Lugonu.
   137 | D        | Reached ** piety under Trog
   145 | D        | Reached XP level 2. HP: 20/20 MP: 2/2
   234 | D        | Noticed a scorpion
   234 | D        | Noticed an ogre
   238 | D        | Killed a scorpion
   238 | D        | Reached *** piety under Trog
   239 | D        | Reached skill level 5 in Fighting
   239 | D        | Reached skill level 5 in Axes
   239 | D        | Reached XP level 3. HP: 27/27 MP: 3/3
   239 | D        | Reached XP level 4. HP: 32/32 MP: 4/4
   242 | D        | Killed an ogre
   243 | D        | Reached skill level 7 in Axes
   243 | D        | Reached skill level 1 in Stealth
   243 | D        | Reached XP level 5. HP: 38/38 MP: 5/5
   343 | D        | Noticed Grinder
   345 | D        | Noticed an ogre
   348 | D        | Reached **** piety under Trog
   358 | D        | Killed an ogre
   359 | D        | Reached skill level 8 in Axes
   359 | D        | Reached XP level 6. HP: 35/45 MP: 6/6
   361 | D        | Paralysed by Grinder for 2 turns
   366 | D        | Paralysed by Grinder for 5 turns
   372 | D        | Killed Grinder
   373 | D        | Reached skill level 10 in Axes
   373 | D        | Reached skill level 5 in Armour
   373 | D        | Reached XP level 7. HP: 42/51 MP: 7/7
   426 | D        | Reached ***** piety under Trog
   561 | D        | Reached skill level 10 in Fighting
   562 | D        | Received a gift from Trog
   728 | D        | Noticed a tyrant leech
   728 | D        | Noticed a kobold demonologist
   728 | D        | Noticed a kobold demonologist
   728 | D        | Noticed a kobold demonologist
   729 | D        | Noticed a hellwing
   730 | D        | Noticed a sun demon
   731 | D        | Noticed a chaos spawn
   733 | D        | Reached skill level 11 in Axes
   734 | D        | Slain by a sun demon

Illustrated notes

Levels and vault maps discovered:
D:        pitsprint [storerooms_1, entrance_room_1, metal_vault_6, armoury_2,
          mini_pit_1, grid_room_1, main_hall_1, silver_pit, the_coven_3,
          the_vestibule_1, steel_vault_5, golden_pit, hallway_of_sentries,
          crystal_vault_5, iron_vault_3, final_vault]

Skill      XL: |  1  2  3  4  5  6  7 |
---------------+----------------------+-----
Axes           | 3 5 7 8 10 11 | 11.0
Fighting       | 4 5 7 8 9 10 | 10.4
Armour         | 3 4 5 6 |  6.3
Dodging        | 2 3 4 |  4.3
Stealth        | 1 2 |  2.3

Action                   |  1- 3 |  4- 6 |  7- 9 || total
-------------------------+-------+-------+-------++-------
Melee: Hand axe          |    19 |    20 |    35 ||    74
Invok: Berserk           |     1 |     1 |     1 ||     3
  Use: Potion            |       |     1 |     1 ||     2
 Stab: Sleeping          |     1 |       |       ||     1
Armor: Animal skin       |     8 |       |       ||     8
       Chain mail        |       |     7 |    22 ||    29
Dodge: Dodged            |    15 |     5 |    13 ||    33

Table legend: (Time is in decaauts)
 A = Elapsed time spent in this place.
 B = Non-inter-level travel time spent in this place.
 C = Inter-level travel time spent in this place.
 D = Time resting spent in this place.
 E = Time spent auto-exploring this place.
 F = Levels seen in this place.
 G = Mean time per level.
                   A        B        C        D        E       F      G
               +--------+--------+--------+--------+--------+-----+--------+
         Total |    738 |    738 |      0 |    470 |      0 |   1 |  738.0 |
       Dungeon |    738 |    738 |      0 |    470 |      0 |   1 |  738.0 |
               +--------+--------+--------+--------+--------+-----+--------+

Top non-repeatable levels by time:
       D: 738 daAuts
